 Dungeon Crawl Stone Soup version 0.25.0-37-gb73750e0fb (webtiles) character file.

Game seed: 6255495157440340461

1388 Ethylacetat the Spear-Bearer (level 8, -5/55 HPs)
             Began as an Octopode Gladiator on July 9, 2020.
             Slain by a sky beast (6 damage)
             ... on level 6 of the Dungeon.
             The game lasted 00:11:55 (7334 turns).

Ethylacetat the Spear-Bearer (Octopode Gladiator)   Turns: 7334, Time: 00:11:56

Health: -5/55      AC:  1    Str: 16    XL:     8   Next: 67%
Magic:  8/8        EV: 15    Int: 16    God:
Gold:   341        SH:  0    Dex: 19    Spells: 7/7 levels left

rFire    . . .     SeeInvis .   a - +0 trident
rCold    . . .     Gourm    .   (no shield)
rNeg     . . .     Faith    .   b - +0 hat
rPois    .         Spirit   .   (no amulet)
rElec    .         Reflect  .   f - +6 ring of intelligence
rCorr    .         Harm     .   r - +6 ring of dexterity
MR       .....                  (no ring)
Stlth    ++++......             (no ring)
HPRegen  0.18/turn              (no ring)
MPRegen  0.11/turn              (no ring)
                                (no ring)
                                (no ring)

@: no status effects
A: almost no armour, stealthy swim, amphibious, 8 rings, constrict 8, camouflage
1, gelatinous body 1
a: no special abilities


You were on level 6 of the Dungeon.
You were not hungry.

You visited 1 branch of the dungeon, and saw 6 of its levels.

You collected 341 gold pieces.

Inventory:

Hand Weapons
 a - a +0 trident (weapon)
Missiles
 c - 4 throwing nets (quivered)
Armour
 b - a +0 hat (worn)
Jewellery
 f - a +6 ring of intelligence (left tentacle)
 r - a +6 ring of dexterity (right tentacle)
Wands
 s - a wand of flame (7)
Scrolls
 e - 7 scrolls of identify {unknown}
 g - 4 scrolls of teleportation {unknown}
 h - a scroll of fog {unknown}
 j - 8 scrolls of remove curse {unknown}
 k - a scroll of amnesia {unknown}
 n - a scroll of enchant weapon {unknown}
 o - a scroll of magic mapping {unknown}
 q - 3 scrolls of blinking {unknown}
Potions
 i - a potion of cancellation {unknown}
 l - a potion of lignification {unknown}
 m - 2 potions of curing {unknown}
 p - 2 potions of degeneration {unknown}
Comestibles
 d - 5 rations


   Skills:
 + Level 5.0 Fighting
 * Level 8.4 Polearms
 - Level 2.3 Throwing
 - Level 3.5 Dodging
 - Level 5.9 Stealth


You had 7 spell levels left.
You didn't know any spells.
Your spell library contained the following spells:

 Spells                   Type           Power        Failure   Level  Hunger
 Corona                   Hex            #......      26%         1    ##.....
 Ensorcelled Hibernation  Hex/Ice        #.....       36%         2    ###....
 Confusing Touch          Hex            #.......     58%         3    ####...
 Dazzling Flash           Conj/Hex       #.....       58%         3    ####...
 Tukima's Dance           Hex            #.......     58%         3    ####...


Dungeon Overview and Level Annotations

Branches:
Dungeon (6/15)
 Temple: D:4-7

Altars:
Gozag
Kikubaaqudgha
Nemelex Xobeh
Okawaru
Qazlal
Ru
Trog
Wu Jian
The Shining One


Innate Abilities, Weirdness & Mutations

You cannot wear most types of armour.
You are very stealthy in the water. (Stealth+)
You are amphibious.
You can wear up to eight rings at the same time.
You can use your tentacles to constrict eight enemies at once.
Your skin changes colour to match your surroundings (Stealth+).
Your rubbery body absorbs attacks. (AC +1, EV +1)


Message History

No target in view!
No target in view!
You closely miss something. Your squeeze misses something.
You closely miss something. You squeeze something. Something hits you.
Something shocks you.
You hit something. Something hits you. Something shocks you.
You miss something. Something hits you. Something shocks you.
You closely miss something. Something hits you. Something shocks you.
You closely miss something. Something hits you.
* * * LOW HITPOINT WARNING * * *
Something shocks you.
* * * LOW HITPOINT WARNING * * *
You barely miss something. Your squeeze misses something. Something hits you.
* * * LOW HITPOINT WARNING * * *
Something shocks you.
* * * LOW HITPOINT WARNING * * *
Something hits you.
* * * LOW HITPOINT WARNING * * *
Something shocks you.
You die...

#.........#
#....)....####
#.............
#.......>.....
#.........####
#####.....Y...#
#...####Y######
#{#..§.#.[.#
#@#.##.###.#
######.#...#
#....#[###
##.####§#
#..#.{..#
#..#.####
#.##.# #....#
######


There were no monsters in sight!

Vanquished Creatures
  A sky beast (D:6)
  A black bear (D:6)
  3 ice beasts
  A phantom (D:6)
  A centaur (D:5)
  2 bullfrogs (D:6)
  2 howler monkeys
  A crimson imp (D:5)
  A quasit (D:6)
  A bullfrog zombie (D:5)
  A hound (D:6)
  An orc priest (D:5)
  A centaur skeleton (D:4)
  3 orc wizards
  A worker ant (D:5)
  9 gnolls
  8 adders
  2 oozes
  An adder skeleton (D:5)
  A worm (D:5)
  A dart slug (D:1)
  4 leopard geckos
  10 orcs
  A ball python (D:3)
  4 bats
  4 giant cockroaches
  7 goblins
  8 hobgoblins
  2 jackals (D:1)
  2 quokkas (D:5)
  6 frilled lizards
  A jackal zombie (D:5)
  9 kobolds
  11 rats
112 creatures vanquished.

Vanquished Creatures (others)
  A human (D:2)
1 creature vanquished.

Grand Total: 113 creatures vanquished

Notes
Turn   | Place    | Note
-------+----------+-------------------------------------------
     0 | D:1      | Ethylacetat the Octopode Gladiator began the quest for the
                  | Orb.
     0 | D:1      | Reached XP level 1. HP: 14/14 MP: 1/1
    54 | D:1      | Reached XP level 2. HP: 15/19 MP: 2/2
   404 | D:1      | Reached skill level 1 in Stealth
   428 | D:1      | Reached XP level 3. HP: 21/24 MP: 3/3
  1071 | D:2      | Found an ancient bone altar of Kikubaaqudgha.
  1072 | D:2      | Noticed a human
  1074 | D:2      | Killed a human
  1197 | D:2      | Found a sacrificial altar of Ru.
  1206 | D:2      | Reached skill level 4 in Polearms
  1206 | D:2      | Reached XP level 4. HP: 19/29 MP: 4/4
  1671 | D:2      | Found an ornate altar of the Wu Jian Council.
  1907 | D:3      | Reached XP level 5. HP: 19/35 MP: 5/5
  2508 | D:3      | Found a bloodstained altar of Trog.
  2508 | D:3      | Found a sparkling altar of Nemelex Xobeh.
  2509 | D:3      | Found a glowing golden altar of the Shining One.
  2670 | D:3      | Found a stormy altar of Qazlal.
  2672 | D:3      | Noticed a water elemental
  2673 | D:3      | Noticed an air elemental
  2673 | D:3      | Noticed a fire elemental
  3347 | D:4      | Found an iron altar of Okawaru.
  3822 | D:5      | Entered Level 5 of the Dungeon
  3886 | D:5      | Reached skill level 5 in Polearms
  3886 | D:5      | Reached XP level 6. HP: 30/41 MP: 6/6
  4383 | D:5      | Noticed an ice beast
  4395 | D:5      | HP: 1/41 [ice beast (10)]
  4491 | D:5      | Killed an ice beast
  4753 | D:5      | Found an opulent altar of Gozag.
  4759 | D:5      | Reached skill level 5 in Stealth
  4759 | D:5      | Reached XP level 7. HP: 46/46 MP: 7/7
  4805 | D:5      | HP: 1/46 [centaur (4)]
  4806 | D:5      | Reached skill level 6 in Polearms
  6157 | D:6      | Reached skill level 7 in Polearms
  6157 | D:6      | Reached XP level 8. HP: 39/54 MP: 8/8
  6640 | D:6      | Reached skill level 8 in Polearms
  7057 | D:6      | Reached skill level 5 in Fighting
  7334 | D:6      | HP: 1/55 [something (2)]
  7334 | D:6      | Slain by a sky beast

Illustrated notes

Levels and vault maps discovered:
D:1:      dpeg_arrival_windows_large_door, layout_basic, minmay_quantized
D:2:      layout_basic, nicolae_ru_great_annihilating_truth,
          lemuel_doored_altar, tgw_kikubaaqudgha
D:3:      layout_loops_ring, nicolae_qazlal_style_of_elements,
          gammafunk_temple_overflow_forgotten
D:4:      layout_cave_pods, nicolae_overflow_crystal_walls, first_ration
D:5:      layout_basic, nicolae_gozag_cash_rules_everything_around_me
D:6:      layout_basic, uniq_edmund, uniq_maggie, uniq_sigmund

Skill      XL: |  1  2  3  4  5  6  7  8 |
---------------+-------------------------+-----
Stealth        | 1 2 3 4 5 |  5.9
Polearms       | 4 5 7 8 |  8.4
Fighting       | 3 5 |  5.0
Throwing       | |  2.3
Dodging        | |  3.5

Action                   |  1- 3 |  4- 6 |  7- 9 || total
-------------------------+-------+-------+-------++-------
Melee: Trident           |    76 |   130 |   116 ||   322
       Tentacles         |     5 |    19 |    27 ||    51
       Constrict         |    12 |    23 |    14 ||    49
 Stab: Sleeping          |    16 |    14 |     2 ||    32
       Paralysed         |     1 |       |       ||     1
       Distracted        |       |     1 |       ||     1
  Eat: Chunk             |     1 |    11 |     8 ||    20
Armor: Skin              |     1 |     2 |     3 ||     6
Dodge: Dodged            |    20 |    60 |    48 ||   128
